 Dungeon Crawl Stone Soup version 0.30-a0-1164-ge08a67761e (webtiles) character file.

Game seed: 11917259998305436520

2 NateTC the Sneak (level 1, -3/15 HPs)
             Began as a Vampire Delver on Apr 29, 2023.
             Slain by an orc warrior
             ... wielding a +0 glaive
              (6 damage)
             ... on level 5 of the Dungeon.
             The game lasted 00:01:01 (106 turns).

NateTC the Sneak (Vampire Delver)                    Turns: 106, Time: 00:01:02

Health: -3/15      AC:  3    Str: 11    XL:     1   Next: 25%
Magic:  1/1        EV: 12    Int: 12    God:
Gold:   9          SH:  0    Dex: 15    Spells: 0/0 levels left

rFire   . . .        a - +0 short sword
rCold   . . .        (no shield)
rNeg    . . .        b - +0 leather armour
rPois   .            (no helmet)
rElec   .            (no cloak)
rCorr   .            (no gloves)
SInv    +            (no boots)
Will    .....        (no amulet)
Stlth   +++          (no ring)
HPRegen 0.42/turn    (no ring)
MPRegen 0.07/turn

%: no passive effects
@: healing quickly
A: alive, fangs 3, see invisible, vampiric 1, [frail 1]
a: Exsanguinate


You were on level 5 of the Dungeon.
You visited 1 branch of the dungeon, and saw 1 of its levels.

You collected 9 gold pieces.

Inventory:

Hand Weapons
 a - a +0 short sword (weapon)
Armour
 b - a +0 leather armour (worn)
Wands
 g - a wand of digging (2)
Scrolls
 d - a scroll of magic mapping
 e - a scroll of fear
Potions
 f - a potion of haste


   Skills:
 - Level 2.6 Fighting
 + Level 2.2 Short Blades
 + Level 2.2 Dodging
 * Level 7.3 Stealth
 + Level 0.1 Evocations


You couldn't memorise any spells.
You didn't know any spells.
Your spell library was empty.

Dungeon Overview and Level Annotations

Branches:
Dungeon (5/15) Zot: 5893
 Temple: D:4-7

Altars:

Annotations:
D:5 Ijyb


Innate Abilities, Weirdness & Mutations

Your natural rate of healing is accelerated.
You have razor-sharp teeth.
You have supernaturally acute eyesight. (SInv)
You are afflicted with vampirism.
[You are frail. (-10% HP)]


Message History

Continue your ritual? [Y]es or [N]o only, please.
Continue your ritual?
You continue your ritual.
The orc warrior shouts!
You continue your ritual.
The orc warrior hits you from afar with a +0 glaive.
You return to life.
You feel frail.
You see here a +0 dagger.
You see here 5 stones.
Ijyb the Twisted Goblin comes into view.
She is wielding a +0 dagger and carrying a wand of iceblast (6).
Okay, then.
Okay, then.
Hit: a) +0 short sword
Press: ? - help, Dir - move target, f - you
Okay, then.
Aiming: Dig
Press: ? - help, Shift-Dir - straight line A rock wall.
The rock shatters into small pieces.
The orc warrior hits you from afar with a +0 glaive!
Ouch! That really hurt!
* * * LOW HITPOINT WARNING * * *
Found an emerald potion.
A dart slug comes into view.
An orc comes into view. It is wielding a +0 club.
An orc comes into view. It is wielding a +0 short sword.
The dart slug launches a dart at you. The slug dart hits you.
* * * LOW HITPOINT WARNING * * *
As you read the scroll of fog, it crumbles to dust.
The scroll dissolves into smoke.
The dart slug launches a dart at you. The slug dart hits you.
* * * LOW HITPOINT WARNING * * *
The orc warrior barely misses you.
You don't know any spells.
The orc warrior hits you from afar with a +0 glaive.
You die...

#.........#...
#.........#...
#.........#...
#.............
##########.##+#....
#.............#....
#...........###....
#.§§§.......# #(...
#.@§§..!....# #....
#.§§§§.§....# #)...
#.§o§§§.....# #....
#..w§§§.....# #.###
#######.##### #.###
#.# #.... #o#
######### #.o
......).. ###
######..#


You could see an orc warrior.

Vanquished Creatures
  An orc (D:5)
1 creature vanquished.

Notes
Turn   | Place    | Note
-------+----------+-------------------------------------------
     0 | D:5      | NateTC the Vampire Delver began the quest for the Orb.
     0 | D:5      | Reached XP level 1. HP: 17/17 MP: 1/1
    61 | D:5      | Noticed an orc warrior
    86 | D:5      | Noticed Ijyb
   106 | D:5      | Slain by an orc warrior

Illustrated notes

Levels and vault maps discovered:
D:5:      layout_basic, mainiacjoe_overflow_catwalk, uniq_ijyb

Action                     || total
---------------------------++-------
  Melee: Short sword       ||     5
Ability: Exsanguinate      ||     1
         Revivify          ||     1
  Evoke: Wand              ||     1
    Use: Scroll            ||     1
  Dodge: Dodged            ||     2

Table legend: (Time is in decaauts)
 A = Elapsed time spent in this place.
 B = Non-inter-level travel time spent in this place.
 C = Inter-level travel time spent in this place.
 D = Time resting spent in this place.
 E = Time spent auto-exploring this place.
 F = Levels seen in this place.
 G = Mean time per level.
                   A        B        C        D        E       F      G
               +--------+--------+--------+--------+--------+-----+--------+
         Total |    105 |    105 |      0 |      0 |     45 |   1 |  105.0 |
       Dungeon |    105 |    105 |      0 |      0 |     45 |   1 |  105.0 |
               +--------+--------+--------+--------+--------+-----+--------+

Top non-repeatable levels by time:
     D:5: 105 daAuts
